 Dungeon Crawl Stone Soup version 0.25.1-8-g42b30a86e7 (webtiles) character file.

Game seed: 4400364990929902203

246 Clowwww the Skirmisher (level 5, 0/43 HPs)
             Began as a Demonspawn Fighter on Dec 23, 2020.
             Killed by divine providence
             ... invoked by an orc priest
              (14 damage)
             ... on level 3 of the Dungeon.
             The game lasted 00:06:07 (2400 turns).

Clowwww the Skirmisher (Demonspawn Fighter)         Turns: 2400, Time: 00:06:07

Health: 0/43       AC: 12    Str: 18    XL:     5   Next: 84%
Magic:  0/5        EV:  7    Int:  9    God:
Gold:   169        SH:  9    Dex: 12    Spells: 4/4 levels left

rFire    + . .     SeeInvis .   a - +0 war axe
rCold    . . .     Gourm    .   c - +0 kite shield
rNeg     . . .     Faith    .   b - +1 scale mail
rPois    .         Spirit   +   d - +2 helmet
rElec    .         Reflect  .   (no cloak)
rCorr    .         Harm     .   (no gloves)
MR       .....                  (no boots)
Stlth    ..........             v - amulet of guardian spirit
HPRegen  0.14/turn              h - ring of flight
MPRegen  0.09/turn              (no ring)

@: no status effects
A: rugged brown scales 1, fire resistance 1, flame cloud immunity
a: Evoke Flight


You were on level 3 of the Dungeon.
You were very hungry.

You visited 1 branch of the dungeon, and saw 3 of its levels.

You collected 169 gold pieces.

Inventory:

Hand Weapons
 a - a +0 war axe (weapon)
Missiles
 n - 2 throwing nets (quivered)
Armour
 b - a +1 scale mail (worn)
 c - a +0 kite shield (worn)
 d - a +2 helmet (worn)
Jewellery
 h - a ring of flight (left hand)
 v - an amulet of guardian spirit (around neck)
Scrolls
 i - a scroll of enchant armour
 u - a scroll of remove curse
Potions
 g - a potion of curing
 k - a potion of ambrosia {unknown}
 l - a potion of stabbing {unknown}
 o - a potion of lignification {unknown}
 p - a potion of brilliance {unknown}
 q - a potion of cancellation {unknown}
 s - a potion of haste {unknown}
Comestibles
 f - 3 rations


   Skills:
 + Level 3.8 Fighting
 + Level 3.6 Axes
 + Level 3.6 Armour
 + Level 0.7 Dodging
 + Level 3.6 Shields


You had 4 spell levels left.
You didn't know any spells.
Your spell library was empty.

Dungeon Overview and Level Annotations

Branches:
Dungeon (3/15)

Altars:
Trog
Vehumet


Innate Abilities, Weirdness & Mutations

You are partially covered in rugged brown scales. (AC +1, +3% HP)
Your flesh is heat resistant. (rF+)
You are immune to clouds of flame.


Message History

You block the orc priest's attack.
You barely miss the orc priest.
The orc priest hits you but does no damage.
You feel better.
The orc priest hits you but does no damage.
You feel better. You block the orc priest's attack.
You barely miss the orc priest.
The orc priest hits you with a +0 hand axe.
You hit the orc priest.
The orc priest is moderately wounded.
The orc priest closely misses you.
You barely miss the orc priest.
The orc priest is moderately wounded.
You block the orc priest's attack.
You closely miss the orc priest.
The orc priest is moderately wounded.
The orc priest hits you but does no damage.
The orc priest calls down the wrath of Beogh upon you.
Beogh smites you!
You die...

. #. .# ## .# ... .#.
..... ..# .##...
<.?.#.#.#.# #.# ....#
...#........... ....# ..
..#.#.#.#.#
....##.##.#.........
...##..##.#.#.#.#.#.#.##
....#.###.#....o@.......
o...........#.#.#†#.#.##
......###.....†........
..........#.#.#.#.#.#.#
..#........#..........
..#......)).#.#.#.#.#.#
..#.....).).............
..#.....†()###..##......
###...<(.(## #.# #.##


You could see an orc priest.

Vanquished Creatures
  A hound (D:2)
  2 orc priests
  Robin (D:2)
  4 gnolls
  2 adders (D:2)
  2 oozes
  A worm (D:2)
  3 dart slugs (D:2)
  A leopard gecko (D:2)
  6 orcs (D:3)
  A giant cockroach (D:3)
  17 goblins
  9 hobgoblins
  A quokka (D:2)
  6 bats
  4 frilled lizards
  3 kobolds
  6 rats
70 creatures vanquished.

Notes
Turn   | Place    | Note
-------+----------+-------------------------------------------
     0 | D:1      | Clowwww the Demonspawn Fighter began the quest for the Orb.
     0 | D:1      | Reached XP level 1. HP: 18/18 MP: 1/1
   222 | D:1      | Gained mutation: Your flesh is heat resistant. (rF+)
                  | [demonic ancestry]
   222 | D:1      | Reached XP level 2. HP: 24/24 MP: 2/2
  1065 | D:2      | Gained mutation: You are partially covered in rugged brown
                  | scales. (AC +1, +3% HP) [demonic ancestry]
  1065 | D:2      | Reached XP level 3. HP: 23/29 MP: 3/3
  1070 | D:2      | Noticed Robin
  1087 | D:2      | Gained mutation: You are immune to clouds of flame.
                  | [demonic ancestry]
  1087 | D:2      | Reached XP level 4. HP: 15/36 MP: 4/4
  1097 | D:2      | Killed Robin
  1759 | D:2      | Found a radiant altar of Vehumet.
  2171 | D:3      | Found a bloodstained altar of Trog.
  2171 | D:3      | Noticed an eye of draining
  2283 | D:2      | Reached XP level 5. HP: 42/42 MP: 5/5
  2392 | D:3      | HP: 1/43 [orc priest/+0 hand axe (4)]
  2400 | D:3      | Killed from afar by an orc priest

Illustrated notes

Levels and vault maps discovered:
D:1:      shiori_shiawase, layout_basic
D:2:      layout_basic, fiery_altar_vehumet, minmay_mini_jars, uniq_robin
D:3:      layout_rooms, trog_eyes_of_draining, lemuel_crystal_altar,
          st_stairs_11

Skill      XL: |  1  2  3  4 |
---------------+-------------+-----
Axes           | 2 3 |  3.6
Shields        | 3 |  3.6
Armour         | 3 |  3.6
Fighting       | |  3.8
Dodging        | |  0.7

Action                   |  1- 3 |  4- 6 || total
-------------------------+-------+-------++-------
Melee: War axe           |    74 |   108 ||   182
  Use: Potion            |     1 |     2 ||     3
       Scroll            |       |     9 ||     9
  Eat: Chunk             |       |     4 ||     4
Armor: Scale mail        |    63 |    67 ||   130
Dodge: Dodged            |    32 |    45 ||    77
Block: Kite shield       |    38 |    72 ||   110
